 Dungeon Crawl Stone Soup version 0.21-a0-228-g14ccbf3 (webtiles) character file.

1316 Gorglomux the Thaumaturge (level 8, -1/54 HPs)
             Began as a Gnoll Transmuter on Aug 31, 2017.
             Was a Priest of Uskayaw.
             Slain by a wyvern skeleton (10 damage)
             ... on level 6 of the Dungeon.
             The game lasted 00:10:17 (7772 turns).

Gorglomux the Thaumaturge (Gnoll Transmuter)        Turns: 7772, Time: 00:10:18

Health: -1/54      AC:  3    Str:  7    XL:     8   Next: 59%
Magic:  13/21      EV: 12    Int:  7    God:    Uskayaw [***...]
Gold:   230        SH:  0    Dex:  7    Spells: 15/26 levels left

rFire    . . .     SeeInvis .     - Unarmed
rCold    . . .     Gourm    +   (shield currently unavailable)
rNeg     . . .     Faith    .   b - +0 robe
rPois    .         Spirit   .   (no helmet)
rElec    .         Reflect  .   X - +0 cloak
rCorr    .         Harm     .   (gloves currently unavailable)
MR       .....                  (no boots)
Stlth    +.........             U - amulet of the gourmand
HPRegen  0.18/turn              (no ring)
MPRegen  0.17/turn              (no ring)

@: blade hands (expiring)
A: unchanging attributes, fangs 1, strong nose
a: End Transformation, Stomp, Line Pass, Renounce Religion


You were on level 6 of the Dungeon.
You worshipped Uskayaw.
Uskayaw was noncommittal.
You were completely stuffed.
You had blades for hands.
You visited 1 branch of the dungeon, and saw 6 of its levels.

You collected 230 gold pieces.

Inventory:

Missiles
 a - 87 arrows
Armour
 b - a +0 robe (worn)
 X - a +0 cloak (worn)
Jewellery
 H - an uncursed amulet of regeneration {unknown}
 U - an amulet of the gourmand (around neck)
Wands
 F - a wand of disintegration (12/24)
 I - a wand of iceblast (8/15)
 P - a wand of paralysis (14/24)
Scrolls
 R - a scroll of identify
 S - a scroll of enchant armour {unknown}
 T - 3 scrolls of teleportation
 V - 2 scrolls of magic mapping {unknown}
 W - 2 scrolls of remove curse
Potions
 g - a potion of berserk rage {unknown}
 A - 2 potions of magic
 B - 3 potions of lignification {unknown}
 C - a potion of heal wounds {unknown}
 D - 2 potions of agility
 J - a potion of flight {unknown}
 K - 2 potions of brilliance {unknown}
 L - 2 potions of haste {unknown}
 M - a potion of mutation {unknown}
 O - a potion of degeneration {unknown}
 Y - a potion of curing {unknown}
 Z - a potion of cancellation {unknown}
Books
 c - a book of Changes

   Spells                             Type                      Level
   a - Beastly Appendage              Transmutation                1
   b - Sticks to Snakes               Transmutation                2
   c - Spider Form                    Transmutation/Poison         3
   d - Ice Form                       Ice/Transmutation            4
   e - Blade Hands                    Transmutation                5
 Q - a book of the Dragon

   Spells                             Type                      Level
   a - Flame Tongue                   Conjuration/Fire             1
   b - Cause Fear                     Hexes                        4
   c - Bolt of Fire                   Conjuration/Fire             6
   d - Dragon Form                    Transmutation                7
   e - Dragon's Call                  Summoning                    9
Comestibles
 d - 6 bread rations
 z - 4 meat rations
 E - 2 fruits
 N - 3 royal jellies


   Skills:
 - Level 1.3 Fighting
 - Level 2.6 Dodging
 - Level 4.0 Unarmed Combat
 + Level 9.7 Spellcasting
 + Level 9.4 Transmutations
 - Level 2.3 Poison Magic


You had 15 spell levels left.
You knew the following spells:

 Your Spells              Type           Power        Failure   Level  Hunger
a - Beastly Appendage     Tmut           ###...       11%         1    None
b - Sticks to Snakes      Tmut           ###.....     12%         2    ##.....
c - Spider Form           Tmut/Pois      ##........   32%         3    ###....
d - Blade Hands           Tmut           ###.......   45%         5    ######.


Dungeon Overview and Level Annotations

Branches:
Dungeon (6/15)             Temple (0/1) D:5

Altars:
Kikubaaqudgha
Uskayaw
The Shining One

Shops:
D:5 (


Innate Abilities, Weirdness & Mutations

Your physical attributes are unchanging.
You have very sharp teeth.
Your uncanny sense of smell can sniff out nearby items.


Message History

You shred the phantom!!!
The phantom is almost destroyed!
The wyvern skeleton is no longer paralysed!
The phantom is no longer paralysed!
The phantom hits you! * * * don't die
* * * The wyvern skeleton bites you but butts no damage!
You shred the phantom!!!
You destroy the phantom!!!
The wyvern skeleton closely misses you!
Unknown command!
You shred the wyvern skeleton!!!!!!
The wyvern skeleton is almost destroyed!
The wyvern skeleton bites you!!! * * * don't die
* * * Uskayaw will butt your foes to share their pain!
Unknown command!
You stomp with the beat, sending a shockwave through the revelers around you!!!
The butt skeleton is almost butt!
You feel somewhat less butt! The wyvern skeleton bites you!!! rip

#.#
##..####.
#.#
###...##...
#.#
#.....##...
#.#
#...(>##...
######.###
#....###...
..........#
#..........
####.####.#
###########
.. #.# #..
#@# #. ∆
#Z# . :.. ∆
.#...
..#.... ..
#..... .##
#.....# ..
......#


You could see a wyvern skeleton.

Vanquished Creatures
  Sigmund (D:4)
  3 phantoms
  2 centaurs (D:5)
  3 bullfrogs (D:6)
  A howler monkey (D:4)
  A crimson imp (D:6)
  An orc priest (D:4)
  Crazy Yiuf (D:3)
  3 hounds (D:4)
  An iguana (D:6)
  3 worker ants
  4 gnolls (D:2)
  A howler monkey skeleton (D:4)
  6 adders
  2 shadow imps (D:5)
  An ooze (D:1)
  2 adder skeletons (D:4)
  A worm (D:5)
  2 dart slugs
  2 leopard geckos
  2 orcs (D:4)
  2 ball pythons
  A bat zombie (D:3)
  3 giant cockroaches
  6 goblins
  8 hobgoblins
  17 jackals
  6 kobolds
  2 quokkas
  8 bats
  4 frilled lizards
  7 rats
  A rat zombie (D:3)
108 creatures vanquished.

Vanquished Creatures (collateral kills)
  An adder (D:2)
  2 kobolds (D:1)
3 creatures vanquished.

Grand Total: 111 creatures vanquished

Notes
Turn   | Place    | Note
-------+----------+-------------------------------------------
     0 | D:1      | Gorglomux the Gnoll Transmuter began the quest for the Orb.
     0 | D:1      | Reached XP level 1. HP: 15/15 MP: 4/4
   313 | D:1      | Reached skill level 3 in Transmutations
   413 | D:1      | Reached XP level 2. HP: 17/21 MP: 3/6
   452 | D:1      | Learned a level 2 spell: Sticks to Snakes
   793 | D:1      | Reached XP level 3. HP: 10/26 MP: 6/8
   809 | D:1      | Found a glowing golden altar of the Shining One.
  1402 | D:2      | Learned a level 3 spell: Spider Form
  1800 | D:2      | Reached skill level 1 in Poison Magic
  1875 | D:2      | Found a hide-covered altar of Uskayaw.
  2106 | D:2      | Reached XP level 4. HP: 27/32 MP: 6/10
  2112 | D:2      | Became a worshipper of Uskayaw the Reveler
  2163 | D:2      | Reached * piety under Uskayaw
  2186 | D:2      | Reached ** piety under Uskayaw
  2629 | D:2      | Reached XP level 5. HP: 35/37 MP: 9/12
  3380 | D:3      | Found an ancient bone altar of Kikubaaqudgha.
  3805 | D:3      | Found a runed door.
  4068 | D:3      | Noticed Crazy Yiuf
  4076 | D:3      | Killed Crazy Yiuf
  4204 | D:4      | Reached XP level 6. HP: 43/43 MP: 8/14
  4256 | D:4      | Reached skill level 6 in Spellcasting
  4785 | D:4      | Noticed Sigmund
  4804 | D:4      | Killed Sigmund
  4804 | D:4      | Reached skill level 6 in Transmutations
  4804 | D:4      | Reached XP level 7. HP: 19/48 MP: 8/17
  5816 | D:5      | Entered Level 5 of the Dungeon
  6109 | D:5      | Found a staircase to the Ecumenical Temple.
  6157 | D:5      | Learned a level 5 spell: Blade Hands
  6381 | D:5      | Found Koviecum's Weapon Shoppe.
  6586 | D:5      | Reached XP level 8. HP: 24/54 MP: 16/20
  7195 | D:6      | Reached skill level 9 in Spellcasting
  7297 | D:6      | Reached skill level 9 in Transmutations
  7768 | D:6      | Reached *** piety under Uskayaw
  7771 | D:6      | Reached **** piety under Uskayaw
  7772 | D:6      | Slain by a wyvern skeleton

Vault maps used:
D:1:      saegor_arrival_simple_e, tso_metal_star
D:2:      wad_pebble_path, eat_drink_and_be_merry_uskayaw, first_bread
D:3:      lemuel_zombie_altar_kikubaaqudgha, uniq_crazy_yiuf_cottage
D:4:      uniq_sigmund
D:5:      minmay_temple_entry_metal_lava, serial_shops, shop
D:6:      old_standard_altar

Skill      XL: |  1  2  3  4  5  6  7  8 |
---------------+-------------------------+-----
Transmutations | 3 4 5 6 8 9 |  9.4
Spellcasting   | 4 5 7 8 9 |  9.7
Poison Magic   | 1 2 |  2.3
Fighting       | |  1.3
Dodging        | |  2.6
Unarmed Combat | |  4.0

Action                   |  1- 3 |  4- 6 |  7- 9 || total
-------------------------+-------+-------+-------++-------
Melee: Unarmed           |   149 |   198 |   154 ||   501
       Kick              |     6 |       |       ||     6
       Bite              |     1 |     2 |       ||     3
       Punch             |     2 |       |     1 ||     3
       Headbutt          |     1 |       |       ||     1
 Cast: Beastly Appendage |    16 |     2 |       ||    18
       Spider Form       |     4 |    30 |    17 ||    51
       Sticks to Snakes  |     3 |       |       ||     3
       Blade Hands       |       |       |     4 ||     4
Invok: Stomp             |       |     1 |     2 ||     3
  Use: Scroll            |     1 |     5 |       ||     6
 Stab: Paralysed         |       |       |     1 ||     1
  Eat: Chunk             |     5 |    14 |    20 ||    39
Armor: Robe              |    47 |    10 |     6 ||    63
       Skin              |     1 |    11 |     8 ||    20
Dodge: Dodged            |   139 |   143 |   123 ||   405

Table legend:
 A = Spawn XP
 B = Non-spawn XP
 C = Spawn XP percentage of total XP
 D = Spawn monster count
 E = Non-spawn monster count
 F = Spawn count percentage of total count
 G = Total turns spent on level
                    A         B        C        D         E        F      G
               +---------+---------+-------+---------+---------+-------+---------
         Total |     188 |    1693 |  10.0 |      28 |      83 |  25.2 |  7772
               +---------+---------+-------+---------+---------+-------+---------
           D:1 |      25 |      31 |  44.6 |       5 |      20 |  20.0 |  1372
           D:2 |      19 |     102 |  15.7 |      11 |      19 |  36.7 |  1575
           D:3 |       8 |     107 |   7.0 |       5 |      13 |  27.8 |  1210
           D:4 |     134 |     395 |  25.3 |       6 |       8 |  42.9 |  1659
           D:5 |       2 |     378 |   0.5 |       1 |      12 |   7.7 |  1237
           D:6 |       0 |     680 |   0.0 |       0 |      11 |   0.0 |   719
               +---------+---------+-------+---------+---------+-------+---------
